 Dungeon Crawl Stone Soup version 0.18-a0-1683-gf9322e6 (webtiles) character file.

371504 Gorice the Sharpshooter (level 21, -3/168 HPs)
             Began as a Demonspawn Arcane Marksman on Mar 31, 2016.
             Was the Champion of Okawaru.
             Slain by a spectral ettin (20 damage)
             ... called from beyond by a revenant
             ... on level 3 of the Crypt on Apr 3, 2016.
             The game lasted 08:08:31 (54930 turns).

Gorice the Sharpshooter (DsAM)                     Turns: 54930, Time: 08:08:32

Health: -3/168     AC: 27    Str: 24    XL:     21   Next: 70%
Magic:  29/29      EV: 19    Int: 17    God:    Okawaru [******]
Gold:   3923       SH:  0    Dex: 20    Spells: 2 memorised, 20 levels left

rFire  + . .     SeeInvis +       - Unarmed
rCold  + . .     Gourm    .     n - +1 plate armour {rF+}
rNeg   + + .     Faith    .     (no shield)
rPois  +         Spirit   .     (helmet unavailable)
rElec  +         Dismiss  +     Y - +2 cloak "Tupig" {Dex+7}
rCorr  .         Reflect  .     (gloves unavailable)
SustAt .         Harm     .     g - +0 pair of boots
MR     +....     NoTele   +     b - amulet of Cekugob {Dismiss -Tele rElec rPois rN++ AC+1 EV+1}
Stlth  ..........               q - ring of protection from cold
                                x - +3 ring of protection

@: mighty, very slightly contaminated, hasted, drained, very quick, somewhat
resistant to hostile enchantments, extremely unstealthy
A: antennae 3, claws 3, hooves 2, high mp 1, powered by pain 2, spiny 3
a: Heroism, Finesse, Renounce Religion
}: 2/15 runes: decaying, gossamer


You were on level 3 of the Crypt.
You worshipped Okawaru.
Okawaru was exalted by your worship.
You were very hungry.

You visited 8 branches of the dungeon, and saw 41 of its levels.
You visited the Abyss 1 time.
You also visited: Labyrinth, Ossuary and Ice Cave.

You collected 4447 gold pieces.
You spent 524 gold pieces at shops.

Inventory:

Hand Weapons
 a - a +9 triple crossbow of flaming
   (You acquired it on level 5 of the Dungeon)
Missiles
 d - 391 bolts
 v - 58 bolts of frost
 K - 18 silver bolts
 X - 43 bolts of penetration
Armour
 g - a +0 pair of boots (worn)
 n - a +1 plate armour of fire resistance (worn)
   (You took it off an orc warrior on level 2 of the Orcish Mines)
 Y - the +2 cloak "Tupig" (worn) {Dex+7}
   (You found it on level 9 of the Dungeon)

   It affects your dexterity (+7).
Rods
 h - a +2 iron rod (9/9) {!a}
   (You found it on level 3 of the Spider Nest)
 k - a +2 rod of shadows (5/10) {!a}
   (You found it in a labyrinth)
 l - a +5 rod of inaccuracy (13/13) {!a}
   (You found it in a labyrinth)
Jewellery
 b - the amulet of Cekugob (around neck) {Dismiss -Tele rElec rPois rN++ AC+1 EV+1}
   (You found it on level 4 of the Dungeon)

   [amulet of dismissal]

   It may teleport away creatures that harm you.
   It affects your AC (+1).
   It affects your evasion (+1).
   It insulates you from electricity.
   It protects you from poison.
   It greatly protects you from negative energy.
   It prevents most forms of teleportation.
 f - an uncursed ring of flight
 p - an uncursed ring of poison resistance
 q - a ring of protection from cold (right claw)
 w - an uncursed ring of sustain attributes
 x - a +3 ring of protection (left claw)
 F - an uncursed ring of protection from fire
Wands
 c - a wand of digging (12/24)
 t - a wand of disintegration (12/24)
 O - a wand of hasting (6/9) {!d}
 S - a wand of paralysis (17/24)
 U - a wand of heal wounds (6/9) {!d}
Scrolls
 e - a scroll of summoning {!r}
 j - a scroll of recharging
 s - 8 scrolls of fog
 D - 12 scrolls of identify
 E - 8 scrolls of teleportation {!r}
 G - 11 scrolls of remove curse
 I - 11 scrolls of fear {!r}
 L - a scroll of magic mapping {!r}
 T - 3 scrolls of blinking
Potions
 i - 14 potions of curing
 r - 4 potions of might {!q}
 H - a potion of cancellation {!q}
 M - 2 potions of resistance {!q}
 P - 2 potions of invisibility {!q}
 V - 5 potions of agility {!q}
Miscellaneous
 N - a lamp of fire
Comestibles
 o - 16 meat rations {!e}
 u - 3 chunks of flesh
 C - 35 fruits


   Skills:
 - Level 15.0(14.9) Fighting
 * Level 19.9(19.8) Crossbows
 + Level 15.5(15.4) Armour
 - Level 15.0 Dodging
 - Level 5.1(5.0) Stealth
 - Level 15.0(14.9) Unarmed Combat
 - Level 1.0(0.9) Spellcasting
   Level 3.0(2.9) Hexes
 - Level 8.0 Invocations


You had 20 spell levels left.
You knew the following spells:

 Your Spells              Type           Power        Failure   Level  Hunger
A - Apportation           Tloc           #.........   99%         1    ##.....
B - Summon Butterflies    Summ           #.......     99%         1    ##.....


Dungeon Overview and Level Annotations

Branches:
Dungeon (15/15)            Temple (1/1) D:7            Lair (8/8) D:10
  Swamp (4/4) Lair:5       Spider (4/4) Lair:4        Slime (0/6) Lair:6
    Orc (2/2) D:10            Elf (0/3) Orc:2        Vaults (4/5) D:13
  Crypt (3/3) Vaults:3       Tomb (0/3) Crypt:3      Depths (0/5) D:15

Altars:
Ashenzari
Cheibriados
Dithmenos
Elyvilon
Fedhas
Gozag
Kikubaaqudgha
Makhleb
Nemelex Xobeh
Okawaru
Pakellas
Qazlal
Ru
Sif Muna
Trog
Vehumet
Xom
Yredelemnul
Zin
The Shining One
Jiyva

Shops:
D:7 }   D:13 (   D:15 :   Orc:1 [   Orc:2 ?(*}   Vaults:1 (

Portals:
Trove: D:13 (give +3 ice dragon armour)

Annotations:
Crypt:3 exclusion: 2 doors


Innate Abilities, Weirdness & Mutations

You have a pair of large antennae on your head (SInv).
You have claws for hands.
You have hoof-like feet.
You sometimes gain power by taking damage.
You are completely covered in sharp spines.
You have an increased reservoir of magic (+10% MP).


Message History

The vampire knight barely misses your necrophage.
The vampire knight bites your necrophage!
Your necrophage hits the vampire knight but does no damage.
Damage: 3 (max 33)
You are engulfed in spectral mist.
The vampire knight hits your necrophage with a battleaxe!!
The vampire knight completely misses your necrophage.
Wield which item (- for none, * to show all)? (? for menu, Esc to quit)
You are now empty-clawed.
You are engulfed in spectral mist.
Your necrophage hits the vampire knight but does no damage.
You are engulfed in spectral mist.
You mangle the spectral storm dragon!!
You claw the spectral storm dragon, but do no damage.
The spectral storm dragon is moderately damaged.
You are engulfed in spectral mist.
* * * LOW HITPOINT WARNING * * *
The vampire knight hits your necrophage with a battleaxe!!
Your necrophage is destroyed!
Your necrophage's corpse dissolves into shadows!
The spectral storm dragon bites you but does no damage.
The spectral storm dragon claws you but does no damage.
The spectral storm dragon barely misses you.
The spectral fire giant barely misses you.
Damage: 5 (max 33)
You barely miss the spectral storm dragon.
The spectral storm dragon is moderately damaged.
You are engulfed in spectral mist.
* * * LOW HITPOINT WARNING * * *
The spectral storm dragon bites you but does no damage.
The spectral storm dragon claws you but does no damage.
The spectral storm dragon completely misses you.
Damage: 2 (max 33)
You mangle the spectral storm dragon!!
The spectral storm dragon is severely damaged.
You are engulfed in spectral mist.
* * * LOW HITPOINT WARNING * * *
The vampire knight casts a spell.
The vampire knight flickers and vanishes for a moment.
The spectral fire giant is struck by your spines.
The spectral fire giant hits you!
* * * LOW HITPOINT WARNING * * *
Damage: 17 (max 33)
You scratch the spectral storm dragon.
The spectral storm dragon is severely damaged.
You are engulfed in spectral mist.
The vampire knight blinks!
The spectral storm dragon bites you but does no damage.
The spectral storm dragon closely misses you.
The spectral storm dragon barely misses you.
The spectral ettin hits you!!
You die...

.....#.......#
####.#..###### ...#§#..#
.>.'....# { { ...#.##.#
{ { ####.#..# {
...÷.#..#
#.####..################
..#......LZ§zZZZ@ZV.....
.##.)############Z######
. #..# §.. ###..# .....
.....# #.#.#.#
#....##### ......
#......... #.#.#.
#......... . .. .
#..####### .#


You could see a revenant, a vampire knight (invisible), an ancient champion, a
spectral anaconda, a spectral eight-headed hydra, 2 spectral storm dragons, a
spectral ettin and a spectral fire giant.

Vanquished Creatures
  Margery (Crypt:1)
  Saint Roka (Vaults:2)
  Arachne (Spider:2)
  Jorgrun (Spider:4)
  Asterion (Vaults:1)
  Gastronok (D:9)
  3 sphinxes
  The ghost of 4thArraOfDagon the Executioner, an adept HOBe of Trog (Swamp:3)
  3 ancient champions
  A storm dragon (Vaults:3)
  A tentacled starspawn (Abyss:3)
  2 thorn hunters
  Donald (Spider:1)
  2 deep elf sorcerers
  Maud (D:10)
  4 ghost moths
  7 vault wardens
  Aizul (Crypt:1)
  Louise (D:15)
  10 emperor scorpions
  3 frost giants
  An orc warlord (Orc:2)
  12 ironheart preservers
  5 very ugly things
  9 stone giants
  A salamander stormcaller (Vaults:3)
  A caustic shrike skeleton (Crypt:2)
  4 vampire knights
  2 deep elf annihilators
  A deep elf demonologist (Vaults:3)
  3 spark wasps
  An ettin (Vaults:3)
  3 eidola
  A minotaur (Lab)
  6 jiangshi
  A blizzard demon (Abyss:2)
  4 deep elf death magi
  5 vault guards
  8 yaktaur captains
  4 fire dragons
  3 great orbs of eyes
  5 entropy weavers
  2 rakshasas
  36 hydras
  2 ice dragons
  8 ogre magi
  A ghost crab (shapeshifter) (Vaults:1)
  2 ghost crabs
  Erica (D:8)
  4 catoblepae
  8 centaur warriors
  6 death knights
  7 alligators
  A deep troll shaman (Vaults:1)
  4 death yaks
  7 vampire magi
  2 deep troll earth magi
  5 orc high priests (Orc:2)
  4 hell knights (Crypt:1)
  6 deep elf knights
  A sun demon (Abyss:2)
  30 skeletal warriors
  A fire crab (Vaults:4)
  3 shadow wraiths
  2 giant orange brains
  6 shambling mangroves
  5 deep trolls
  An unseen horror (Abyss:2)
  A spatial maelstrom (Abyss:2)
  4 flayed ghosts
  An unseen horror (shapeshifter) (D:13)
  A lindwurm (shapeshifter) (Vaults:3)
  3 swamp dragons (Swamp:4)
  Pikel (D:4)
  12 hill giants
  6 deep elf archers
  4 harpies
  9 phantasmal warriors
  7 necromancers
  13 ironbrand convokers
  An anubis guard (shapeshifter) (Vaults:2)
  A griffon (shapeshifter) (Vaults:3)
  A wizard (D:15)
  6 orc sorcerers
  16 deep elf magi
  16 orb spiders
  19 orc knights
  A fire giant zombie (Crypt:2)
  A shadow dragon skeleton (Crypt:2)
  A wolf spider zombie (D:15)
  7 griffons
  32 ugly things
  A worldbinder (Abyss:3)
  11 hornets
  26 wolf spiders
  2 stone giant skeletons
  2 moths of wrath
  A tengu skeleton (Vaults:4)
  9 elephants
  2 salamanders (Vaults:3)
  3 manticores
  6 cyclopes
  An elephant (shapeshifter) (Vaults:4)
  2 iron dragon skeletons (Crypt:2)
  A black mamba (shapeshifter) (Vaults:2)
  An apocalypse crab (Abyss:3)
  2 naga magi (D:15)
  2 molten gargoyles (Lair:5)
  9 black mambas
  An ice statue (IceCv)
  Psyche (D:8)
  A smoke demon (Abyss:3)
  13 vault sentinels
  A gargoyle (D:12)
  An orange demon (Abyss:3)
  20 spiny frogs
  A torpor snail (Spider:4)
  2 rime drakes
  A komodo dragon (shapeshifter) (D:15)
  8 komodo dragons
  3 kobold demonologists
  10 demonic crawlers
  A mottled draconian zombie (Crypt:3)
  4 guardian mummies (Crypt:3)
  An ancient zyme (Abyss:2)
  A hydra zombie (Crypt:2)
  18 yaktaurs
  An anaconda simulacrum (Crypt:2)
  A green draconian skeleton (Crypt:3)
  4 freezing wraiths
  4 spriggan druids
  A yellow draconian skeleton (Crypt:2)
  22 jumping spiders
  A queen ant zombie (Crypt:1)
  A troll (shapeshifter) (Vaults:2)
  2 jumping spiders (shapeshifter)
  11 two-headed ogres
  7 giant leeches
  21 polar bears
  10 trolls
  A wind drake (shapeshifter) (Vaults:3)
  25 slime creatures
  Prince Ribbit (D:7)
  18 blink frogs
  14 boulder beetles
  5 bog bodies
  An alligator zombie (Crypt:2)
  4 raiju
  A frost giant simulacrum (Vaults:1)
  A minotaur skeleton (Crypt:1)
  A griffon zombie (Crypt:1)
  4 flying skulls (Crypt:1)
  38 tarantellas
  85 redbacks
  14 spriggans
  5 shadows
  An air elemental (Abyss:3)
  3 wyverns
  Sigmund (D:2)
  A vampire (Swamp:3)
  6 wraiths
  87 yaks
  The ghost of feelmyfire the Shield-Bearer, an amateur HOFi (D:4)
  A yak (shapeshifter) (Vaults:3)
  2 basilisks
  A black mamba skeleton (Crypt:2)
  2 neqoxecs
  23 vampire mosquitoes
  A golden eye (shapeshifter) (D:14)
  3 hungry ghosts
  14 hippogriffs
  A steam dragon (shapeshifter) (Vaults:1)
  Grum (D:8)
  A hill giant skeleton (Crypt:1)
  3 mottled dragons
  9 insubstantial wisps
  19 swamp worms
  2 wargs
  A soldier ant (D:13)
  3 large abominations
  4 hell hounds (Abyss:3)
  18 water moccasins
  Duvessa (D:7)
  9 porcupines
  52 orc warriors
  4 sky beasts
  An ettin simulacrum (Vaults:4)
  3 ice beasts
  An ice beast (shapeshifter) (D:15)
  3 phantoms
  8 wasps
  8 black bears
  An ogre (shapeshifter) (Vaults:1)
  11 swamp drakes
  38 ogres
  2 necrophages
  42 wolves
  An elf skeleton (Vaults:3)
  3 boggarts
  23 centaurs
  2 swamp dragon skeletons
  A hog zombie (Crypt:2)
  18 crocodiles
  8 big kobolds
  A human zombie (Vaults:4)
  2 wyvern zombies
  23 giant frogs
  A human skeleton (Vaults:3)
  A gnoll sergeant (D:5)
  A salamander skeleton (Crypt:3)
  2 water moccasin zombies (D:9)
  Dowan (D:7)
  6 scorpions
  22 killer bees
  An orc simulacrum (Vaults:1)
  2 howler monkeys
  10 wights
  An electric eel (Spider:2)
  8 lava snakes
  4 crimson imps
  4 giant frog zombies
  6 starcursed masses (Abyss:2)
  A quasit (Abyss:2)
  2 yaktaur simulacra
  3 centaur zombies
  A wolf skeleton (Crypt:2)
  5 jellies
  3 giant frog skeletons
  39 orc priests
  8 hounds
  24 orc wizards
  2 centaur skeletons
  An iron imp (Abyss:2)
  13 worker ants
  12 iguanas
  6 small abominations
  3 yak simulacra (Lair:2)
  A killer bee zombie (D:10)
  5 polar bear simulacra (Lair:2)
  24 sheep
  2 wolf simulacra (Lair:2)
  An ogre zombie (Crypt:2)
  A mottled dragon skeleton (Crypt:2)
  A mottled dragon zombie (Crypt:1)
  A naga skeleton (Crypt:2)
  A mummy (Ossuary)
  A howler monkey zombie (D:6)
  6 gnolls
  19 adders
  62 river rats
  4 shadow imps
  3 white imps (Lair:8)
  An ufetubus (Abyss:2)
  An ooze (D:3)
  An adder zombie (D:5)
  A sheep zombie (Crypt:1)
  7 worms
  2 dart slugs
  7 giant geckos
  114 orcs
  A ball python (D:5)
  5 giant cockroaches
  A goblin (D:1)
  8 hobgoblins
  4 jackals (D:2)
  23 kobolds
  A quokka (D:5)
  17 bats
  A giant cockroach zombie (D:5)
  A giant newt (D:1)
  9 gnoll skeletons
  4 kobold skeletons (Ossuary)
  13 orc skeletons (Ossuary)
  A quokka skeleton (D:5)
  18 rats
  A rat skeleton (Crypt:1)
  A river rat simulacrum (Lair:2)
  3 lost souls
  A macabre mass (Abyss:3)
1966 creatures vanquished.

Vanquished Creatures (others)
  A hydra (Swamp:1)
  A deep elf knight (Vaults:4)
  A deep elf mage (Vaults:1)
  A salamander (Vaults:3)
  2 demonic crawlers
  Grinder (D:4)
  A redback (Spider:4)
  Edmund (D:4)
  An adder (D:5)
  A giant cockroach (Lair:4)
  2 briar patches
  33 fungi
  A lurking horror (Abyss:3)
  16 plants
  2 starspawn tentacles (Abyss:3)
  17 starspawn tentacle segments (Abyss:3)
82 creatures vanquished.

Grand Total: 2048 creatures vanquished

Notes
Turn   | Place    | Note
--------------------------------------------------------------
     0 | D:1      | Gorice the Demonspawn Arcane Marksman began the quest for the Orb.
     0 | D:1      | Reached XP level 1. HP: 15/15 MP: 2/2
     6 | D:1      | Noticed a water moccasin
     6 | D:1      | Noticed a wyvern
    71 | D:1      | Reached skill level 2 in Crossbows
   269 | D:1      | Gained mutation: You have sharp fingernails. [demonic ancestry]
   269 | D:1      | Reached XP level 2. HP: 21/21 MP: 3/3
   780 | D:2      | Reached skill level 3 in Crossbows
   951 | D:2      | Reached XP level 3. HP: 26/26 MP: 4/4
   977 | D:2      | Noticed Sigmund
  1631 | D:2      | Gained mutation: You sometimes gain a little power by taking damage. [demonic ancestry]
  1631 | D:2      | Reached XP level 4. HP: 32/32 MP: 5/5
  1742 | D:2      | Killed Sigmund
  1742 | D:2      | Reached skill level 5 in Crossbows
  1742 | D:2      | Reached XP level 5. HP: 37/37 MP: 6/6
  2447 | D:3      | Gained mutation: You have a pair of small antennae on your head. [demonic ancestry]
  2447 | D:3      | Reached XP level 6. HP: 40/43 MP: 7/7
  2568 | D:3      | Reached skill level 10 in Crossbows
  2568 | D:3      | Reached skill level 6 in Armour
  2568 | D:3      | Gained mutation: You have large cloven feet. [demonic ancestry]
  2568 | D:3      | Reached XP level 7. HP: 48/48 MP: 8/8
  2569 | D:3      | Gained mutation: You have an increased reservoir of magic (+10% MP). [potion of beneficial mutation]
  2570 | D:3      | Gained mutation: Your mind is acute. (Int +2) [potion of beneficial mutation]
  2703 | D:4      | Reached skill level 11 in Crossbows
  2723 | D:4      | Found a basalt altar of Yredelemnul.
  2729 | D:4      | Found a sand-covered staircase.
  2734 | Ossuary  | Entered an ossuary
  2734 | Ossuary  | Noticed a wraith
  2734 | Ossuary  | Noticed a wraith
  2734 | Ossuary  | Noticed a wraith
  2819 | Ossuary  | Noticed a wraith
  2844 | Ossuary  | HP: 8/48 [wraith (7)]
  2849 | Ossuary  | HP: 9/48 [wraith (6)]
  2851 | Ossuary  | Killed a wraith
  3151 | D:4      | Found a sparkling altar of Nemelex Xobeh.
  3152 | D:4      | Found a glowing silver altar of Zin.
  3159 | D:4      | Noticed feelmyfire's ghost (amateur HOFi)
  3567 | D:4      | Noticed Grinder
  3567 | D:4      | Noticed Pikel
  3604 | D:4      | Killed Pikel
  3604 | D:4      | Reached skill level 7 in Armour
  3604 | D:4      | Gained mutation: You have very sharp fingernails. [demonic ancestry]
  3604 | D:4      | Reached XP level 8. HP: 42/54 MP: 10/10
  3621 | D:4      | Killed Grinder
  3745 | D:4      | Noticed Edmund
  3761 | D:4      | Killed Edmund
  4121 | D:4      | Found a white marble altar of Elyvilon.
  4224 | D:4      | Killed feelmyfire's ghost
  4315 | D:5      | Entered Level 5 of the Dungeon
  4474 | D:5      | Found a shimmering altar of Xom.
  4498 | D:5      | Reached skill level 1 in Unarmed Combat
  4532 | D:5      | HP: 15/54 [iguana (5)]
  4537 | D:5      | HP: 9/54 [iguana (2)]
  5252 | D:5      | Reached XP level 9. HP: 57/59 MP: 11/11
  5509 | D:5      | Reached skill level 2 in Unarmed Combat
  5749 | D:5      | Identified a scroll of acquirement
  6779 | D:6      | Found a shadowy altar of Dithmenos.
  6781 | D:6      | Found a sacrificial altar of Ru.
  6782 | D:6      | Found a stormy altar of Qazlal.
  6810 | D:7      | Noticed Duvessa
  6810 | D:7      | Noticed Dowan
  6812 | D:7      | Killed Duvessa
  6812 | D:7      | Reached skill level 12 in Crossbows
  6815 | D:7      | Killed Dowan
  6830 | D:7      | Found Efoamom's Gadget Shop.
  7232 | D:7      | Noticed Prince Ribbit
  7236 | D:7      | Killed Prince Ribbit
  7236 | D:7      | Reached skill level 8 in Armour
  7249 | D:7      | Found a staircase to the Ecumenical Temple.
  7262 | Temple   | Entered the Ecumenical Temple
  7339 | Temple   | Became a worshipper of Warmaster Okawaru
  7681 | D:7      | You fall through a shaft for 3 floors!
  7681 | D:10     | Entered Level 10 of the Dungeon
  7681 | D:10     | Found Qaetathro's Weapon Boutique.
  7760 | D:9      | Got a faintly glowing cloak
  7771 | D:9      | Identified the +2 cloak "Tupig" {Dex+7} (You found it on level 9 of the Dungeon)
  7791 | D:8      | Noticed Erica
  7795 | D:8      | Killed Erica
  7795 | D:8      | Reached * piety under Okawaru
  7795 | D:8      | Reached skill level 4 in Unarmed Combat
  7795 | D:8      | Reached XP level 10. HP: 65/65 MP: 12/12
  7925 | D:8      | Noticed Psyche
  7928 | D:8      | Killed Psyche
  8399 | D:8      | Found a sparkling altar of Nemelex Xobeh.
  8414 | D:8      | Reached skill level 5 in Unarmed Combat
  8416 | D:8      | Reached ** piety under Okawaru
  8530 | D:8      | Noticed Grum
  8543 | D:8      | Killed Grum
  8563 | D:8      | HP: 18/65 [wolf[Grum] (3)]
  9743 | D:9      | Got an ancient buckler
  9750 | D:9      | Identified the +3 buckler of Trog's Benevolence {Slay+5} (You acquired it on level 9 of the Dungeon)
 10117 | D:9      | Reached skill level 6 in Unarmed Combat
 10123 | D:9      | Reached *** piety under Okawaru
 10258 | D:9      | Reached skill level 9 in Armour
 10409 | D:9      | Upgraded the game from 0.18-a0-1666-g3ea6f2b to 0.18-a0-1670-gb40d73e
 10423 | D:9      | --wow 9 yaks and I've already killed several!
 10424 | D:9      | Gained mutation: You are partially covered in sharp spines. [demonic ancestry]
 10424 | D:9      | Reached XP level 11. HP: 69/70 MP: 13/13
 10428 | D:9      | Noticed Gastronok
 10431 | D:9      | --Make that 10 - and Gastro!
 10434 | D:9      | Reached skill level 7 in Unarmed Combat
 10695 | D:9      | Reached **** piety under Okawaru
 10927 | D:9      | Killed Gastronok
 10927 | D:9      | Received a gift from Okawaru
 10927 | D:9      | Reached skill level 8 in Unarmed Combat
 11391 | D:10     | Reached skill level 1 in Invocations
 11536 | D:10     | Found a staircase to the Lair.
 11567 | D:10     | Noticed Maud
 11622 | D:10     | Killed Maud
 11622 | D:10     | Received a gift from Okawaru
 11622 | D:10     | Reached ***** piety under Okawaru
 11622 | D:10     | Reached skill level 10 in Armour
 11622 | D:10     | Reached skill level 9 in Unarmed Combat
 11622 | D:10     | Reached skill level 2 in Invocations
 11642 | D:10     | Found a staircase to the Orcish Mines.
 11768 | D:10     | Reached skill level 3 in Invocations
 11830 | D:10     | Noticed a two-headed hydra
 11833 | D:10     | Killed a two-headed hydra
 11939 | D:10     | Found a snail-covered altar of Cheibriados.
 12245 | Lair:1   | Entered Level 1 of the Lair of Beasts
 12337 | Lair:1   | Reached skill level 4 in Invocations
 12344 | Lair:1   | HP: 17/70 [yak (5)]
 12347 | Lair:1   | Gained mutation: You have a pair of antennae on your head. [demonic ancestry]
 12347 | Lair:1   | Reached XP level 12. HP: 19/76 MP: 16/16
 12349 | Lair:1   | Received a gift from Okawaru
 12356 | Lair:1   | Noticed a six-headed hydra
 12630 | Lair:1   | Killed a six-headed hydra
 12740 | Lair:1   | Noticed a six-headed hydra
 12762 | Lair:1   | Killed a six-headed hydra
 12782 | Lair:1   | Reached skill level 5 in Invocations
 12894 | Lair:1   | Received a gift from Okawaru
 12894 | Lair:1   | Reached skill level 10 in Unarmed Combat
 13655 | Lair:2   | Reached skill level 6 in Invocations
 13737 | Lair:2   | Found a labyrinth entrance.
 13740 | Lair:2   | Noticed an eight-headed hydra
 13744 | Lair:2   | Killed an eight-headed hydra
 13758 | Lab      | Entered a labyrinth
 14639 | Lab      | Noticed a minotaur
 14643 | Lab      | Killed a minotaur
 14667 | Lab      | Identified a +2 rod of shadows (10/10) (You found it in a labyrinth)
 14668 | Lab      | Identified a +5 rod of inaccuracy (13/13) (You found it in a labyrinth)
 14842 | Lair:2   | Reached skill level 11 in Unarmed Combat
 14919 | Lair:2   | Received a gift from Okawaru
 14930 | Lair:2   | Got a pair of warped gloves {god gift}
 14941 | Lair:2   | Identified the +0 pair of gloves "Ihyruq" {rN++ Regen+ Dex+4 Stlth+} (Okawaru gifted it to you on level 2 of the Lair of Beasts)
 15349 | Lair:3   | Noticed a six-headed hydra
 15353 | Lair:3   | Killed a six-headed hydra
 15353 | Lair:3   | Reached skill level 7 in Invocations
 15369 | Lair:3   | Reached skill level 11 in Armour
 16542 | Lair:4   | Found a hole to the Spider Nest.
 16553 | Lair:4   | Reached XP level 13. HP: 81/81 MP: 20/20
 16582 | Lair:4   | Reached skill level 8 in Invocations
 16767 | Lair:4   | Reached skill level 2 in Fighting
 16945 | Lair:4   | Received a gift from Okawaru
 17381 | Lair:5   | Reached skill level 3 in Fighting
 17447 | Lair:5   | HP: 22/86 [black mamba (10)]
 17448 | Lair:5   | Reached skill level 13 in Crossbows
 17453 | Lair:5   | HP: 19/86 [poisoned by a black mamba]
 17459 | Lair:5   | HP: 19/86 [poisoned by a black mamba]
 17464 | Lair:5   | HP: 20/86 [poisoned by a black mamba]
 17471 | Lair:5   | HP: 23/86 [poisoned by a black mamba]
 17664 | Lair:5   | Found a staircase to the Swamp.
 18530 | Lair:6   | Found a viscous altar of Jiyva.
 18530 | Lair:6   | Found a staircase to the Slime Pits.
 18587 | Lair:6   | Reached skill level 4 in Fighting
 18741 | Lair:6   | Got an ichor-stained whip
 18742 | Lair:6   | Identified the +5 whip of Bewnisiw {drain, +Fly rF+ Str+3 Dex-3} (You found it on level 6 of the Lair of Beasts)
 18782 | Lair:6   | Got a polished scimitar
 18783 | Lair:6   | Identified the +9 scimitar "Hellblazer" {venom, rC+ rN+ Str+3} (You found it on level 6 of the Lair of Beasts)
 19262 | Lair:6   | Reached skill level 12 in Armour
 19412 | Lair:7   | Reached ****** piety under Okawaru
 19430 | Lair:7   | Reached skill level 5 in Fighting
 19497 | Lair:7   | Received a gift from Okawaru
 19625 | Lair:7   | Reached XP level 14. HP: 57/98 MP: 22/22
 19706 | Lair:7   | Received a gift from Okawaru
 20025 | Lair:8   | Entered Level 8 of the Lair of Beasts
 20031 | Lair:8   | Reached skill level 14 in Crossbows
 20149 | Lair:8   | Reached skill level 6 in Fighting
 20458 | Lair:8   | Received a gift from Okawaru
 20600 | Lair:8   | Upgraded the game from 0.18-a0-1670-gb40d73e to 0.18-a0-1677-g2bdad6c
 20601 | Lair:8   | HP: 22/101 [spriggan rider/spear (11)]
 20604 | Lair:8   | HP: 9/101 [spriggan rider/spear (16)]
 20852 | Lair:8   | Received a gift from Okawaru
 20860 | Lair:8   | Got a scorched hat {god gift}
 20866 | Lair:8   | Identified the -3 hat "Udghiocw" {rF+ MP+9} (Okawaru gifted it to you on level 8 of the Lair of Beasts)
 21111 | Lair:8   | Reached skill level 7 in Fighting
 21323 | Lair:8   | Got a brightly glowing whip {elec}
 21324 | Lair:8   | Identified the +7 whip of the Enchanted Forest {elec, rPois Str+4} (You took it off a spriggan rider on level 8 of the Lair of Beasts)
 22003 | Lair:8   | Reached skill level 15 in Crossbows
 22579 | Orc:1    | Entered Level 1 of the Orcish Mines
 22742 | Orc:1    | Reached skill level 13 in Armour
 22793 | Orc:1    | Found Oskum's Armour Shop.
 22906 | Orc:2    | Entered Level 2 of the Orcish Mines
 23002 | Orc:2    | Noticed an orc warlord
 23016 | Orc:2    | HP: 29/104 [orc warlord/war axe (17)]
 23026 | Orc:2    | Killed an orc warlord
 23026 | Orc:2    | Received a gift from Okawaru
 23026 | Orc:2    | HP: 5/104 [orc warrior/halberd (25)]
 23032 | Orc:2    | Gained mutation: You have a pair of large antennae on your head (SInv). [demonic ancestry]
 23032 | Orc:2    | Reached XP level 15. HP: 35/110 MP: 23/23
 23036 | Orc:2    | Got a shimmering arbalest {god gift}
 23037 | Orc:2    | Identified the +1 arbalest of Nauroara {elec, *Confuse rN+ Str+2 Int+9} (Okawaru gifted it to you on level 2 of the Orcish Mines)
 23093 | Orc:2    | Found a staircase to the Elven Halls.
 23330 | Orc:2    | Reached skill level 8 in Fighting
 24157 | Orc:2    | Found Lyid's Weapon Shop.
 24157 | Orc:2    | Found Doostibbi's Magic Scroll Shop.
 24158 | Orc:2    | Found Lyonimuth's Gadget Shop.
 24158 | Orc:2    | Found Qielun's General Store.
 24175 | Orc:2    | Bought a scroll of enchant weapon for 112 gold pieces
 24175 | Orc:2    | Bought a scroll of brand weapon for 300 gold pieces
 24175 | Orc:2    | Bought a scroll of blinking for 112 gold pieces
 24406 | Orc:1    | Received a gift from Okawaru
 24424 | Orc:1    | Got a smoking ring mail {god gift}
 24522 | Orc:1    | Identified the +2 ring mail "Epteifu" {rPois rF- Regen+} (Okawaru gifted it to you on level 1 of the Orcish Mines)
 25650 | D:12     | Found a frozen archway.
 25683 | IceCv    | Entered an ice cave
 25775 | IceCv    | HP: 33/112 [polar bear (15)]
 25968 | IceCv    | Reached skill level 9 in Fighting
 26330 | IceCv    | Reached skill level 16 in Crossbows
 26376 | IceCv    | HP: 29/113 [ice statue] (6)]
 26733 | IceCv    | Noticed a frost giant
 26757 | IceCv    | Killed a frost giant
 27949 | D:13     | Found an iron altar of Okawaru.
 28019 | D:13     | Found a portal to a secret trove of treasure.
 28038 | D:13     | Found Kirask's Weapon Shop.
 28057 | D:13     | Received a gift from Okawaru
 28058 | D:13     | Got an ebony arbalest {god gift}
 28126 | D:13     | Found a gate to the Vaults.
 28593 | D:14     | Reached skill level 10 in Fighting
 28614 | D:14     | Reached skill level 14 in Armour
 28621 | D:14     | Gained mutation: You are mostly covered in sharp spines. [demonic ancestry]
 28621 | D:14     | Reached XP level 16. HP: 67/122 MP: 12/24
 29148 | D:14     | Reached skill level 12 in Unarmed Combat
 29185 | D:14     | HP: 36/123 [skeletal warrior/trident[a skeletal warrior] (2)]
 29249 | D:14     | Got a distressingly furry cloak
 29260 | D:14     | Identified the +1 cloak "Natsab" {rN+ Int+2} (You found it on level 14 of the Dungeon)
 29930 | Lair:1   | Identified the +9 arbalest "Opobaipp" {flame, *Contam rF++ Dex+7} (Okawaru gifted it to you on level 13 of the Dungeon)
 29937 | Lair:1   | Lost mutation: Your mind is acute. (Int +2) [mutagenic glow]
 30005 | D:13     | Received a gift from Okawaru
 30081 | D:15     | Entered Level 15 of the Dungeon
 30140 | D:15     | Noticed Louise
 30144 | D:15     | Killed Louise
 30309 | D:15     | Received a gift from Okawaru
 30356 | D:15     | Reached skill level 11 in Fighting
 30466 | D:15     | Received a gift from Okawaru
 30467 | D:15     | Got a crystal arbalest {god gift}
 30472 | D:15     | Identified the +9 arbalest of Descent {venom, Dex+4 Stlth+} (Okawaru gifted it to you on level 15 of the Dungeon)
 30611 | D:15     | Found Danoprae's Book Shoppe.
 31150 | D:15     | Found a staircase to the Depths.
 31354 | Spider:1 | Entered Level 1 of the Spider Nest
 31427 | Spider:1 | HP: 36/126 [poisoned by an emperor scorpion]
 31464 | Spider:1 | Noticed Donald
 31599 | Spider:1 | Killed Donald
 31599 | Spider:1 | Received a gift from Okawaru
 31845 | Spider:1 | Received a gift from Okawaru
 31941 | Spider:1 | Reached skill level 15 in Armour
 32061 | Spider:1 | Reached skill level 13 in Unarmed Combat
 32087 | Spider:1 | Reached skill level 2 in Dodging
 32319 | Spider:1 | Reached skill level 12 in Fighting
 32335 | Spider:2 | Gained mutation: You sometimes gain power by taking damage. [demonic ancestry]
 32335 | Spider:2 | Reached XP level 17. HP: 96/133 MP: 18/25
 32411 | Spider:2 | Got a pair of bloodstained gloves
 32422 | Spider:2 | Identified the +0 pair of gloves "Enejiall" {Str+3} (You found it on level 2 of the Spider Nest)
 32589 | Spider:2 | Noticed Arachne
 32604 | Spider:2 | Killed Arachne
 32604 | Spider:2 | Reached skill level 3 in Dodging
 32672 | Spider:2 | Gorice: sorry gotta stop now
 32951 | Spider:2 | Received a gift from Okawaru
 33697 | Spider:2 | Received a gift from Okawaru
 33697 | Spider:2 | Reached skill level 4 in Dodging
 34470 | Spider:4 | Entered Level 4 of the Spider Nest
 34494 | Spider:4 | Noticed Jorgrun
 34509 | Spider:4 | Killed Jorgrun
 34518 | Spider:4 | Reached skill level 5 in Dodging
 34616 | Spider:4 | Received a gift from Okawaru
 34634 | Spider:4 | HP: 30/135 [wolf spider (11)]
 34636 | Spider:4 | Reached skill level 13 in Fighting
 34641 | Spider:4 | HP: 37/136 [redback (6)]
 34646 | Spider:3 | HP: 27/136 [poisoned by a redback]
 34651 | Spider:3 | HP: 23/136 [poisoned by a redback]
 34656 | Spider:3 | HP: 19/136 [poisoned by a redback]
 34661 | Spider:3 | HP: 18/136 [poisoned by a redback]
 34667 | Spider:3 | HP: 17/136 [poisoned by a redback]
 34673 | Spider:3 | HP: 18/136 [poisoned by a redback]
 34679 | Spider:3 | HP: 21/136 [poisoned by a redback]
 34687 | Spider:3 | HP: 24/136 [poisoned by a redback]
 34996 | Spider:4 | Received a gift from Okawaru
 35632 | Spider:4 | Reached skill level 14 in Unarmed Combat
 35736 | Spider:4 | Reached skill level 6 in Dodging
 36611 | Spider:4 | HP: 39/137 [emperor scorpion (3)]
 36616 | Spider:4 | HP: 39/137 [poisoned by an emperor scorpion]
 36621 | Spider:4 | HP: 40/137 [poisoned by an emperor scorpion]
 36884 | Spider:4 | Gained mutation: You have hoof-like feet. [demonic ancestry]
 36884 | Spider:4 | Reached XP level 18. HP: 90/145 MP: 24/26
 37025 | Spider:4 | Reached skill level 7 in Dodging
 37047 | Spider:4 | Got a gossamer rune of Zot
 37632 | Swamp:1  | Entered Level 1 of the Swamp
 37798 | Swamp:1  | Found a shimmering altar of Xom.
 37833 | Swamp:1  | Received a gift from Okawaru
 38261 | Swamp:1  | Reached skill level 14 in Fighting
 39337 | Swamp:3  | Reached skill level 8 in Dodging
 39392 | Swamp:3  | Got an ancient ring mail
 39402 | Swamp:3  | Noticed 4thArraOfDagon's ghost (adept HOBe)
 39416 | Swamp:3  | Killed 4thArraOfDagon's ghost
 39817 | Lair:5   | Identified the +1 ring mail of the Harvest Moon {rF+ rCorr} (You found it on level 3 of the Swamp)
 39954 | Swamp:4  | Entered Level 4 of the Swamp
 40026 | Swamp:3  | HP: 41/146 [poisoned by a hornet]
 40031 | Swamp:3  | HP: 33/146 [poisoned by a hornet]
 40036 | Swamp:3  | HP: 28/146 [poisoned by a hornet]
 40041 | Swamp:3  | HP: 25/146 [poisoned by a hornet]
 40046 | Swamp:3  | HP: 25/146 [poisoned by a hornet]
 40052 | Swamp:3  | HP: 25/146 [poisoned by a hornet]
 40057 | Swamp:3  | HP: 27/146 [poisoned by a hornet]
 40064 | Swamp:3  | HP: 30/146 [poisoned by a hornet]
 40072 | Swamp:3  | HP: 34/146 [poisoned by a hornet]
 40636 | Swamp:3  | Reached skill level 15 in Unarmed Combat
 40886 | Swamp:4  | Reached skill level 9 in Dodging
 41251 | Swamp:4  | Got a decaying rune of Zot
 41394 | Swamp:4  | Received a gift from Okawaru
 41421 | Swamp:4  | Got a fine arbalest {god gift}
 41427 | Swamp:4  | Identified the +8 arbalest of Cacryzay {velocity, rC+ Str+2 Int+5} (Okawaru gifted it to you on level 4 of the Swamp)
 41903 | Lair:1   | Learned a level 1 spell: Apportation
 41905 | Lair:1   | Learned a level 1 spell: Summon Butterflies
 42004 | Vaults:1 | Entered Level 1 of the Vaults
 42107 | Vaults:1 | Cast into level 2 of the Abyss (an ogre mage)
 42291 | Abyss:2  | Reached skill level 1 in Stealth
 42423 | Abyss:2  | Reached skill level 15 in Fighting
 42431 | Abyss:2  | Reached skill level 2 in Stealth
 42466 | Abyss:2  | Found an oddly glowing altar of Pakellas.
 42671 | Abyss:3  | Reached skill level 3 in Stealth
 42678 | Abyss:3  | Found a runed door.
 42678 | Abyss:3  | Found a runed door.
 42763 | Abyss:3  | Reached skill level 4 in Stealth
 42787 | Vaults:1 | Escaped the Abyss
 42799 | Vaults:1 | HP: 28/149 [yaktaur captain/bolt (27)]
 42803 | Vaults:1 | Reached XP level 19. HP: 16/155 MP: 4/27
 42803 | Vaults:1 | HP: 4/155 [yaktaur captain (13)]
 42810 | Vaults:1 | HP: 19/155 [yaktaur[a yaktaur captain] (12)]
 43072 | Vaults:1 | Received a gift from Okawaru
 43072 | Vaults:1 | Reached skill level 5 in Stealth
 43171 | Vaults:1 | Found Angicuci's Antique Weapon Boutique.
 43245 | Vaults:1 | Reached skill level 10 in Dodging
 43856 | Vaults:1 | Noticed Asterion
 43867 | Vaults:1 | HP: 46/155 [Asterion/demon trident of venom (15)]
 43868 | Vaults:1 | HP: 16/155 [ogre mage/bolt of lightning (18)]
 43873 | Vaults:1 | HP: 29/155 [hog (shapeshifter) (5)]
 44104 | Vaults:1 | Killed Asterion
 44104 | Vaults:1 | Received a gift from Okawaru
 44355 | Vaults:1 | Received a gift from Okawaru
 44356 | Vaults:1 | Reached skill level 11 in Dodging
 44536 | Vaults:2 | Got a crude marble ring
 44537 | Vaults:2 | Identified the ring "Vykippiokh" {+Inv SInv} (You found it on level 2 of the Vaults)
 44565 | Vaults:2 | Received a gift from Okawaru
 44793 | Vaults:2 | Noticed Saint Roka
 44814 | Vaults:2 | Killed Saint Roka
 44814 | Vaults:2 | Received a gift from Okawaru
 44835 | Vaults:2 | Got a polished chain mail {god gift}
 44898 | Vaults:2 | Identified the +1 chain mail "Kuuleyja" {*Drain rCorr Slay+5} (Okawaru gifted it to you on level 2 of the Vaults)
 45060 | Vaults:2 | HP: 42/155 [stone giant/large rock (18)]
 45065 | Vaults:2 | HP: 32/155 [stone giant (10)]
 45069 | Vaults:2 | HP: 13/155 [stone giant (9)]
 45415 | Vaults:2 | Reached skill level 17 in Crossbows
 45644 | Vaults:1 | Reached skill level 12 in Dodging
 45772 | Vaults:2 | HP: 36/155 [shadow wraith (14)]
 46178 | Vaults:2 | Gained mutation: You have claws for hands. [demonic ancestry]
 46178 | Vaults:2 | Reached XP level 20. HP: 162/162 MP: 28/28
 46916 | Vaults:3 | HP: 44/162 [ettin/dire flail (7)]
 46924 | Vaults:3 | Received a gift from Okawaru
 46980 | Vaults:3 | HP: 41/162 [yaktaur captain/bolt of flame (15)]
 46982 | Vaults:3 | HP: 12/162 [storm dragon/bolt of lightning (14)]
 46988 | Vaults:3 | Reached skill level 13 in Dodging
 47328 | Vaults:3 | Reached skill level 18 in Crossbows
 47335 | Vaults:3 | HP: 45/162 [salamander/arrow (9)]
 47342 | Vaults:3 | HP: 44/162 [poisoned by a deep elf archer]
 47347 | Vaults:3 | HP: 44/162 [poisoned by a deep elf archer]
 47355 | Vaults:3 | HP: 45/162 [poisoned by a deep elf archer]
 47888 | Vaults:3 | Received a gift from Okawaru
 48001 | Vaults:3 | Found a staircase to the Crypt.
 48974 | Vaults:4 | Paralysed by a sphinx for 3 turns
 49637 | Vaults:4 | Reached skill level 14 in Dodging
 50052 | Vaults:4 | HP: 44/162 [yaktaur captain/bolt of frost (32)]
 50495 | Vaults:3 | Received a gift from Okawaru
 51498 | Vaults:4 | Gained mutation: You are completely covered in sharp spines. [demonic ancestry]
 51498 | Vaults:4 | Reached XP level 21. HP: 110/168 MP: 24/29
 52101 | D:13     | Upgraded the game from 0.18-a0-1677-g2bdad6c to 0.18-a0-1683-gf9322e6
 52439 | Crypt:1  | Entered Level 1 of the Crypt
 52483 | Crypt:1  | Noticed Aizul
 52496 | Crypt:1  | Killed Aizul
 52740 | Crypt:1  | Reached skill level 19 in Crossbows
 52976 | Crypt:1  | Noticed Margery
 52988 | Crypt:1  | Killed Margery
 52988 | Crypt:1  | Reached skill level 15 in Dodging
 53761 | Crypt:2  | Received a gift from Okawaru
 54661 | Crypt:3  | Entered Level 3 of the Crypt
 54743 | Crypt:3  | Found a staircase to the Tomb.
 54880 | Crypt:3  | Received a gift from Okawaru
 54891 | Crypt:3  | HP: 47/168 [revenant/ghostly fireball (22)]
 54897 | Crypt:3  | HP: 47/168 [ancient champion/great mace of crushing (2)]
 54912 | Crypt:3  | HP: 16/168 [ancient champion/iron shot (34)]
 54923 | Crypt:3  | HP: 40/168 [revenant] (3)]
 54928 | Crypt:3  | HP: 34/168 [revenant] (2)]
 54930 | Crypt:3  | Slain by a spectral ettin

Vault maps used:
D:1:      onia_arrival_zoo_common, serial_bayou_pond_d, minmay_door_square,
          minmay_statues_item
D:2:      minmay_hedge_maze, minivault_25, uniq_sigmund
D:4:      grunt_temple_overflow_open, enter_ossuary_2,
          lightli_sewer_entry_pipes, uniq_edmund, uniq_grinder, uniq_pikel
D:5:      xom_confusion_cloud, first_bread, st_stairs_11
D:6:      minitemple
D:7:      minmay_temple_entry_purple_smoke, serial_shops, kennysheep_mini,
          uniq_duvessa, uniq_prince_ribbit1
D:8:      nemelex_xobeh_ov_fountains_minmay, uniq_erica, uniq_grum, uniq_psyche
D:9:      uniq_gastronok
D:10:     grunt_lair_entry_orc_guard_hut, orc_0_dummy, serial_shops, shop,
          hangedman_ranch, cheibriados_altar_1, uniq_maud
D:12:     portal_ice_cave_entry_pillars_01
D:13:     david_vaults_2, basic_altar, nicolae_trove_entry_crossroad,
          serial_shops, shop, st_stairs_5
D:14:     grunt_decor_fettered
D:15:     grunt_enter_depths_magical_seal, kennysheep_crisscross, serial_shops,
          nicolae_shop_behind_doors, minmay_misc_feat_more_columns, uniq_louise
Temple:   temple_eino_lava_12
Lair:1:   st_stairs_5
Lair:2:   lab_entry_generic, grunt_forest_small_clearings,
          eino_house_with_fridge
Lair:3:   lemuel_fruit_fields
Lair:4:   beast_lair_carwin_large_1, nicolae_spider_entry_non_spiders,
          st_stairs_7
Lair:5:   cheibrodos_magma_flow, minmay_swamp_entry_worms
Lair:6:   slime_altar_1
Lair:8:   minmay_lair_end_enchanted_forest, bobbens_ice_dragon_lair,
          serial_bayou_shore_a, grunt_megastairs_1, bh_autumn_forest_stairs
Swamp:1:  basic_altar
Swamp:2:  evilmike_swamp_ruin_house_1, infiniplex_staircase_pool
Swamp:3:  nicolae_swamp_fairy_circle, cheibrodos_swamp_pet_leeches,
          infiniplex_staircase_pool_2
Swamp:4:  swamp_basic_johnstein
Spider:1: uniq_donald
Spider:2: uniq_arachne
Spider:4: grunt_spider_rune_circles, einodemon_crawler_minivault, uniq_jorgrun
Orc:1:    serial_shops, shop_fountains
Orc:2:    st_orc_pillars, special_room
Vaults:1: vaults_mumra_hex, vaults_mumra_minichess, ontoclasm_vaults_pinch,
          dpeg_vaults_monster_box, v_misc_17, hangedman_vaults_corner,
          v_pattern_1, grunt_vaults_hallway_short, ontoclasm_vaults_shuriken,
          v_misc_30, serial_shops, nicolae_shop_overgrown_old_shop,
          uniq_asterion
Vaults:2: hangedman_vaults_restitches, grunt_vaults_focal, st_more_cells,
          v_misc_25, nicolae_vaults_ring_of_whatevers,
          vaults_standard_mumra_lines, v_misc_31, v_misc_27,
          grunt_vaults_diagonal, nicolae_vaults_little_squares_6,
          vaults_dpeg_diagonal, v_rooms_3, uniq_saint_roka
Vaults:3: vaults_room_grid, hangedman_vaults_hat,
          hangedman_vaults_hard_town_square, vaults_room_hallway,
          hangedman_vaults_trim, hangedman_vaults_nails,
          blue_anna_dwarven_crypt, grunt_vaults_hallway_short,
          vaults_room_pools, hangedman_vaults_slice, vaults_dpeg_hooks,
          vaults_dpeg_ring, v_misc_12, nicolae_vaults_little_squares_1
Vaults:4: v_misc_3, v_pattern_5, hangedman_vaults_capsules,
          vaults_standard_mumra_x, ontoclasm_vaults_spin,
          nicolae_vaults_border_crossing
Crypt:1:  st_stairs_10, grunt_crypt_arrival_split, uniq_margery, uniq_aizul
Crypt:2:  minmay_misc_feat_columns
Crypt:3:  lightli_unholy_cathedral, tomb_entry_simple_bobbens,
          minmay_misc_feat_pillars, item_on_display_a, uniq_wiglaf
Abyss:2:  evilmike_abyss_exit_smiterflies
Abyss:3:  small_statue_intersection, hangedman_abyss_rune_macabre_mess,
          bh_abyss_exit_grid, minivault_4, minivault_23,
          evilmike_abyss_exit_mutagenic
Lab:      nicolae_lab_starburst, labyrinth_lava_lair
Ossuary:  ossuary_due_mausoleum
IceCv:    ice_cave_caverns_01

Skill      XL: |  1  2  3  4  5  6  7  8  9 10 11 12 13 14 15 16 17 18 19 20 21 |
---------------+----------------------------------------------------------------+-----
Crossbows      | 2 3 5 10 11 12 13 15 16 17 18 19 | 19.9
Armour         | 6 7 8 9 10 11 12 13 14 15 | 15.5
Unarmed Combat | 1 4 6 9 11 13 14 15 | 15.0
Invocations    | 4 7 8 |  8.0
Fighting       | 5 7 10 12 13 15 | 15.0
Dodging        | 2 6 9 12 14 15 | 15.0
Stealth        | 4 5 |  5.1
Spellcasting   | |  1.0
Hexes          | |  3.0

Action                   |  1- 3 |  4- 6 |  7- 9 | 10-12 | 13-15 | 16-18 | 19-21 || total
-------------------------+-------+-------+-------+-------+-------+-------+-------++-------
Melee: Unarmed           |       |       |   205 |   258 |   921 |  1078 |   537 ||  2999
       Triple crossbow   |       |       |       |       |       |     2 |       ||     2
 Fire: Hand crossbow     |    93 |    72 |   287 |       |       |       |       ||   452
       Triple crossbow   |       |       |    81 |   402 |   757 |   735 |   830 ||  2805
       Arbalest          |       |       |       |       |       |     1 |   140 ||   141
Invok: Heroism           |       |       |       |     6 |    11 |    16 |    13 ||    46
       Finesse           |       |       |       |       |       |       |     2 ||     2
Evoke: Wand              |       |       |       |       |     2 |       |     8 ||    10
       Rod               |       |       |       |       |       |       |     1 ||     1
  Use: Scroll            |     5 |     5 |    14 |     9 |    13 |     7 |     5 ||    58
       Potion            |       |     1 |     4 |       |     3 |     6 |     3 ||    17
  Eat: Chunk             |     2 |     3 |    17 |    19 |    40 |    31 |    29 ||   141
       Royal jelly       |       |       |       |     1 |       |     1 |       ||     2
       Meat ration       |       |       |       |     1 |       |     4 |     1 ||     6
       Bread ration      |       |       |       |     1 |       |       |       ||     1
       Pizza             |       |       |       |       |     1 |       |     1 ||     2

Table legend:
 A = Turns spent in this place as a percentage of turns spent in the entire game.
 B = Non-inter-level travel turns spent in this place as a percentage of non-inter-level travel turns spent in the entire game.
 C = Inter-level travel turns spent in this place as a percentage of turns spent in this place.
 D = Turns resting spent in this place as a percentage of non-inter-level travel turns spent in this place.
 E = Turns spent auto-exploring this place as a percentage of non-inter-level travel turns spent in this place.
 F = Non-inter-level travel turns spent in this place divided by the number of levels of this place that you've seen.
                   A       B       C       D       E      F
               +-------+-------+-------+-------+-------+----------------------
         Total | 100.0 | 100.0 |   0.5 |   1.1 |   3.1 | 564.7
       Dungeon |  27.8 |  27.8 |   0.5 |   0.6 |   4.5 | 481.4
        Temple |   0.2 |   0.2 |   0.0 |   0.0 |  20.0 |  40.0
          Lair |  17.6 |  17.5 |   0.8 |   0.4 |   3.1 | 568.8
         Swamp |   7.3 |   7.3 |   0.9 |   1.5 |   4.1 | 475.0
   Spider Nest |  11.6 |  11.6 |   0.5 |   2.4 |   2.4 | 750.5
  Orcish Mines |   5.7 |   5.7 |   0.5 |   0.1 |   1.0 | 740.0
        Vaults |  15.9 |  16.0 |   0.3 |   1.7 |   2.8 | 1037.0
         Crypt |   4.7 |   4.7 |   0.3 |   0.2 |   4.8 | 404.0
         Abyss |   2.3 |   2.3 |   0.0 |   3.0 |   0.0 | 297.0
     Labyrinth |   2.7 |   2.7 |   0.0 |   0.7 |   0.0 | 706.0
       Ossuary |   0.9 |   0.9 |   0.0 |   0.0 |   0.0 | 227.0
      Ice Cave |   3.4 |   3.4 |   0.0 |   1.2 |   0.2 | 894.0
               +-------+-------+-------+-------+-------+----------------------

Vault maps used:
D:1:      onia_arrival_zoo_common, serial_bayou_pond_d, minmay_door_square,
          minmay_statues_item
D:2:      minmay_hedge_maze, minivault_25, uniq_sigmund
D:4:      grunt_temple_overflow_open, enter_ossuary_2,
          lightli_sewer_entry_pipes, uniq_edmund, uniq_grinder, uniq_pikel
D:5:      xom_confusion_cloud, first_bread, st_stairs_11
D:6:      minitemple
D:7:      minmay_temple_entry_purple_smoke, serial_shops, kennysheep_mini,
          uniq_duvessa, uniq_prince_ribbit1
D:8:      nemelex_xobeh_ov_fountains_minmay, uniq_erica, uniq_grum, uniq_psyche
D:9:      uniq_gastronok
D:10:     grunt_lair_entry_orc_guard_hut, orc_0_dummy, serial_shops, shop,
          hangedman_ranch, cheibriados_altar_1, uniq_maud
D:12:     portal_ice_cave_entry_pillars_01
D:13:     david_vaults_2, basic_altar, nicolae_trove_entry_crossroad,
          serial_shops, shop, st_stairs_5
D:14:     grunt_decor_fettered
D:15:     grunt_enter_depths_magical_seal, kennysheep_crisscross, serial_shops,
          nicolae_shop_behind_doors, minmay_misc_feat_more_columns, uniq_louise
Temple:   temple_eino_lava_12
Lair:1:   st_stairs_5
Lair:2:   lab_entry_generic, grunt_forest_small_clearings,
          eino_house_with_fridge
Lair:3:   lemuel_fruit_fields
Lair:4:   beast_lair_carwin_large_1, nicolae_spider_entry_non_spiders,
          st_stairs_7
Lair:5:   cheibrodos_magma_flow, minmay_swamp_entry_worms
Lair:6:   slime_altar_1
Lair:8:   minmay_lair_end_enchanted_forest, bobbens_ice_dragon_lair,
          serial_bayou_shore_a, grunt_megastairs_1, bh_autumn_forest_stairs
Swamp:1:  basic_altar
Swamp:2:  evilmike_swamp_ruin_house_1, infiniplex_staircase_pool
Swamp:3:  nicolae_swamp_fairy_circle, cheibrodos_swamp_pet_leeches,
          infiniplex_staircase_pool_2
Swamp:4:  swamp_basic_johnstein
Spider:1: uniq_donald
Spider:2: uniq_arachne
Spider:4: grunt_spider_rune_circles, einodemon_crawler_minivault, uniq_jorgrun
Orc:1:    serial_shops, shop_fountains
Orc:2:    st_orc_pillars, special_room
Vaults:1: vaults_mumra_hex, vaults_mumra_minichess, ontoclasm_vaults_pinch,
          dpeg_vaults_monster_box, v_misc_17, hangedman_vaults_corner,
          v_pattern_1, grunt_vaults_hallway_short, ontoclasm_vaults_shuriken,
          v_misc_30, serial_shops, nicolae_shop_overgrown_old_shop,
          uniq_asterion
Vaults:2: hangedman_vaults_restitches, grunt_vaults_focal, st_more_cells,
          v_misc_25, nicolae_vaults_ring_of_whatevers,
          vaults_standard_mumra_lines, v_misc_31, v_misc_27,
          grunt_vaults_diagonal, nicolae_vaults_little_squares_6,
          vaults_dpeg_diagonal, v_rooms_3, uniq_saint_roka
Vaults:3: vaults_room_grid, hangedman_vaults_hat,
          hangedman_vaults_hard_town_square, vaults_room_hallway,
          hangedman_vaults_trim, hangedman_vaults_nails,
          blue_anna_dwarven_crypt, grunt_vaults_hallway_short,
          vaults_room_pools, hangedman_vaults_slice, vaults_dpeg_hooks,
          vaults_dpeg_ring, v_misc_12, nicolae_vaults_little_squares_1
Vaults:4: v_misc_3, v_pattern_5, hangedman_vaults_capsules,
          vaults_standard_mumra_x, ontoclasm_vaults_spin,
          nicolae_vaults_border_crossing
Crypt:1:  st_stairs_10, grunt_crypt_arrival_split, uniq_margery, uniq_aizul
Crypt:2:  minmay_misc_feat_columns
Crypt:3:  lightli_unholy_cathedral, tomb_entry_simple_bobbens,
          minmay_misc_feat_pillars, item_on_display_a, uniq_wiglaf
Abyss:2:  evilmike_abyss_exit_smiterflies
Abyss:3:  small_statue_intersection, hangedman_abyss_rune_macabre_mess,
          bh_abyss_exit_grid, minivault_4, minivault_23,
          evilmike_abyss_exit_mutagenic
Lab:      nicolae_lab_starburst, labyrinth_lava_lair
Ossuary:  ossuary_due_mausoleum
IceCv:    ice_cave_caverns_01
